 Dungeon Sprint DCSS version 0.30-a0-385-gfebfb9b408 (webtiles) character file.

Game seed: 15123183791821597561

18953 rocky1 the Bludgeoner (level 12, -5/132 HPs)
             Began as an Ogre Monk on Dec 3, 2022.
             Was a Priest of Cheibriados.
             Slain by a death yak (illusionary) (7 damage)
             ... in the Dungeon (Sprint VII: "The Pits").
             The game lasted 00:12:18 (3561 turns).

rocky1 the Bludgeoner (Ogre Monk)                   Turns: 3561, Time: 00:12:19

Health: -5/132     AC: 11    Str: 30    XL:     12   Next: 63%
Magic:  12/25      EV: 12    Int: 19    God:    Cheibriados [***...]
Gold:   9          SH:  0    Dex: 19    Spells: 30/30 levels left

rFire   + . .      SeeInvis .    f - +2 morningstar (vorpal)
rCold   + . .      Faith    .    (no shield)
rNeg    . . .      Spirit   .    t - +0 troll leather armour
rPois   .          Reflect  .    (helmet restricted)
rElec   .          Harm     .    b - scarf {rC+ rF+}
rCorr   .          Rampage  .    (gloves unavailable)
Will    +....      NoTele   +    (boots unavailable)
Stlth   ++........               (no amulet)
HPRegen 1.22/turn                q - +3 ring of protection
MPRegen 0.19/turn                r - +3 ring of protection

@: very slow
A: large, unfitting armour, tough skin 1
a: Renounce Religion, Bend Time, Temporal Distortion


You were in the Dungeon.
You worshipped Cheibriados.
Cheibriados was most pleased with you.
You visited 1 branch You collected 9 gold pieces.

Inventory:

Hand Weapons
 a - a +0 giant club
 f - a +2 vorpal morningstar (weapon)
 j - a +2 mace of holy wrath
Armour
 b - a scarf of resistance (worn)
 i - a +0 kite shield
 n - a +0 cloak
 o - a +1 robe of the Archmagi
 t - a +0 troll leather armour (worn)
Jewellery
 q - a +3 ring of protection (left hand)
 r - a +3 ring of protection (right hand)
 u - a ring of protection from cold
 y - a +4 ring of protection
 A - a ring of protection from fire
Wands
 p - a wand of polymorph (10)
Scrolls
 l - 5 scrolls of amnesia
 m - a scroll of summoning
 v - 2 scrolls of fog
 x - 2 scrolls of enchant armour
 B - a scroll of identify
Potions
 c - a potion of ambrosia
 d - 10 potions of curing
 e - 3 potions of heal wounds
 g - a potion of magic
 h - a potion of berserk rage
 k - 2 potions of invisibility
 s - 3 potions of might
 w - a potion of brilliance
 z - 2 potions of mutation


   Skills:
 + Level 12.3 Fighting
 - Level 20.8 Maces & Flails
 + Level 4.0 Armour
 + Level 5.2 Dodging
 - Level 1.4 Stealth
 + Level 1.8 Shields
 - Level 9.5 Spellcasting
 - Level 18.9 Invocations
 + Level 1.4 Evocations


You had 30 spell levels left.
You didn't know any spells.
Your spell library contained the following spells:

 Spells                   Type           Power      Damage    Failure   Level
 Summon Forest            Summ/Tloc      4%         N/A       94%         5
 Spellforged Servitor     Conj/Summ      4%         N/A       100%        7
 Summon Horrible Things   Summ           4%         N/A       100%        8


Dungeon Overview and Level Annotations

Branches:
Dungeon (1/1)

Altars:
Ashenzari
Cheibriados
Dithmenos
Elyvilon
Fedhas
Gozag
Hepliaklqana
Kikubaaqudgha
Makhleb
Nemelex Xobeh
Okawaru
Qazlal
Ru
Sif Muna
Trog
Uskayaw
Vehumet
Wu Jian
Xom
Yredelemnul
Zin
The Shining One
Jiyva
Lugonu


Innate Abilities, Weirdness & Mutations

You are too large for most types of armour.
You have tough skin. (AC +1)


Message History

You barely miss the death yak.
The death yak is severely wounded.
You hit the death yak but do no damage.
The death yak is severely wounded.
The death yak gores you! The death yak barely misses you.
A rakshasa breaks down the door.
You hit the death yak but do no damage.
The death yak is severely wounded.
The rakshasa weaves an illusion.
The death yak shimmers and seems to become two!
The death yak gores you!! The death yak gores you.
Unknown command.
Okay, then.
The death yak attacks as you move away! The death yak gores you!!
The rakshasa weaves an illusion.
The death yak shimmers and seems to become two!
Unknown command.
The death yak attacks as you move away! The death yak completely misses you.
The death yak attacks as you move away! The death yak gores you.
The death yak gores you!!
* * * LOW HITPOINT WARNING * * *
The death yak gores you!
* * * LOW HITPOINT WARNING * * *
Unknown command.
You feel much better.
The rakshasa weaves an illusion.
The death yak shimmers and seems to become two!
The frost giant casts a spell at you. The bolt of cold misses you.
The death yak gores you!!
* * * LOW HITPOINT WARNING * * *
The death yak barely misses you.
You feel much better.
The frost giant hits you with a +0 battleaxe of freezing!!
* * * LOW HITPOINT WARNING * * *
The frost giant freezes you.
* * * LOW HITPOINT WARNING * * *
The death yak gores you!!
* * * LOW HITPOINT WARNING * * *
The death yak gores you!
You die...

+..........# +..........#
#..#....#..# #..........+
#..........+ ###Y'####''#
###Y'####''#######
#YCYY..##.........
#@#'##.##.........
#Y#CY+.##..####### #.R)}#
##..# #.#}}' #..#
###++###########.+):#. #..#
..........##..##.##+#.##..#
#..#......##..##.. ##..#
..........''..#### #).#
..........''))##########..#


You could see a frost giant, 6 death yaks and a rakshasa.

Vanquished Creatures
  A ghost moth (D)
  Erolcha (D)
  A hydra (D)
  A catoblepas (D)
  A two-headed ogre (D)
  2 naga warriors (D)
  A spriggan berserker (D)
  5 death yaks (D)
  A bog body (D)
  An orc knight (D)
  A manticore (D)
  A gargoyle (D)
  A rust devil (D)
  A kobold demonologist (D)
  2 demonic crawlers (D)
  A rime drake (D)
  A hellwing (D)
  2 hornets (D)
  3 trolls (D)
  11 dream sheep (D)
  3 blink frogs (D)
  Sigmund (D)
  2 spriggans (D)
  A shadow (D)
  A wraith (D)
  A fire bat (D)
  4 vampire mosquitoes (D)
  3 nagas (D)
  2 wargs (D)
  Duvessa (D)
  A floating eye (D)
  2 orc warriors (D)
  A wolf (D)
  A centaur (D)
  A small abomination (D)
  3 bullfrogs (D)
  A necrophage (D)
  A gnoll sergeant (D)
  2 scorpions (D)
  An earth elemental (D)
  4 wights (D)
  Dowan (D)
  11 killer bees (D)
  2 jellies (D)
  A quasit (D)
  Crazy Yiuf (D)
  An orc priest (D)
  An orc wizard (D)
  3 gnolls (D)
  3 ufetubi (D)
  An adder zombie (D)
  An adder skeleton (D)
  6 orcs (D)
  A ball python (D)
  2 bats (D)
  A bat skeleton (D)
  An endoplasm (D)
  A giant cockroach (D)
  A goblin (D)
  A quokka (D)
  A frilled lizard (D)
  2 rats (D)
119 creatures vanquished.

Vanquished Creatures (others)
  An orc knight (D)
1 creature vanquished.

Grand Total: 120 creatures vanquished

Notes
Turn   | Place    | Note
-------+----------+-------------------------------------------
     0 | D        | rocky1 the Ogre Monk began the quest for the Orb.
     0 | D        | Reached XP level 1. HP: 24/24 MP: 1/1
    16 | D        | Reached skill level 3 in Maces & Flails
    41 | D        | Found a bloodstained altar of Trog.
    41 | D        | Found a shimmering blue altar of Sif Muna.
    41 | D        | Found a viscous altar of Jiyva.
    41 | D        | Found a hazy altar of Hepliaklqana.
    41 | D        | Found an opulent altar of Gozag.
    42 | D        | Found a glowing golden altar of the Shining One.
    42 | D        | Found a glowing silver altar of Zin.
    42 | D        | Found a basalt altar of Yredelemnul.
    42 | D        | Found a shimmering altar of Xom.
    42 | D        | Found an ornate altar of the Wu Jian Council.
    42 | D        | Found a sacrificial altar of Ru.
    42 | D        | Found a stormy altar of Qazlal.
    42 | D        | Found an iron altar of Okawaru.
    42 | D        | Found a sparkling altar of Nemelex Xobeh.
    42 | D        | Found a burning altar of Makhleb.
    42 | D        | Found a blossoming altar of Fedhas.
    42 | D        | Found a white marble altar of Elyvilon.
    42 | D        | Found a shadowy altar of Dithmenos.
    42 | D        | Found a snail-covered altar of Cheibriados.
    46 | D        | Found a corrupted altar of Lugonu.
    46 | D        | Found a radiant altar of Vehumet.
    47 | D        | Found a broken altar of Ashenzari.
    47 | D        | Found an ancient bone altar of Kikubaaqudgha.
    47 | D        | Found a hide-covered altar of Uskayaw.
    53 | D        | Became a worshipper of Cheibriados the Contemplative
    53 | D        | Reached * piety under Cheibriados
    53 | D        | Reached ** piety under Cheibriados
    69 | D        | Reached skill level 4 in Maces & Flails
    69 | D        | Reached XP level 2. HP: 32/32 MP: 2/2
    70 | D        | Reached skill level 5 in Maces & Flails
    77 | D        | Reached *** piety under Cheibriados
    82 | D        | Noticed a scorpion
    82 | D        | Noticed Crazy Yiuf
    96 | D        | Killed a scorpion
    97 | D        | Reached skill level 7 in Maces & Flails
    97 | D        | Reached XP level 3. HP: 39/39 MP: 3/3
    97 | D        | Reached XP level 4. HP: 48/48 MP: 4/4
    98 | D        | Killed Crazy Yiuf
    99 | D        | Reached skill level 8 in Maces & Flails
    99 | D        | Reached **** piety under Cheibriados
   199 | D        | Noticed a gnoll sergeant
   209 | D        | Killed a gnoll sergeant
   210 | D        | Reached skill level 9 in Maces & Flails
   210 | D        | Reached XP level 5. HP: 54/54 MP: 4/8
   212 | D        | Reached ***** piety under Cheibriados
   213 | D        | Reached skill level 10 in Maces & Flails
   213 | D        | Reached skill level 5 in Invocations
   213 | D        | Reached XP level 6. HP: 62/62 MP: 4/10
   235 | D        | Reached skill level 11 in Maces & Flails
   246 | D        | Reached XP level 7. HP: 40/70 MP: 9/13
   249 | D        | Reached ****** piety under Cheibriados
   363 | D        | Noticed Sigmund
   367 | D        | Killed Sigmund
   368 | D        | Reached skill level 12 in Maces & Flails
   368 | D        | Reached skill level 10 in Invocations
   374 | D        | Noticed a dream sheep
   377 | D        | Killed a dream sheep
   378 | D        | Reached XP level 8. HP: 73/78 MP: 14/16
   493 | D        | Noticed Duvessa
   493 | D        | Noticed Dowan
   494 | D        | Killed Dowan
   495 | D        | Reached skill level 13 in Maces & Flails
   495 | D        | Killed Duvessa
   565 | D        | Noticed a hornet
   568 | D        | Killed a hornet
   773 | D        | Noticed a two-headed ogre
   774 | D        | Noticed a kobold demonologist
   783 | D        | Noticed a sun demon
   784 | D        | Killed a kobold demonologist
   785 | D        | Reached skill level 14 in Maces & Flails
   785 | D        | Reached XP level 9. HP: 84/84 MP: 12/19
   786 | D        | Killed a two-headed ogre
   787 | D        | Reached skill level 15 in Maces & Flails
   859 | D        | Noticed a demonic crawler
   859 | D        | Noticed a bog body
   862 | D        | Reached skill level 15 in Invocations
   862 | D        | Killed a demonic crawler
   864 | D        | Killed a bog body
   865 | D        | Reached XP level 10. HP: 45/92 MP: 10/21
  1009 | D        | Reached skill level 16 in Maces & Flails
  1107 | D        | Noticed Erolcha
  1107 | D        | Noticed a demonic crawler
  1110 | D        | Killed a demonic crawler
  1111 | D        | Killed Erolcha
  1260 | D        | Reached skill level 17 in Maces & Flails
  1266 | D        | Noticed a gargoyle
  1278 | D        | HP: 2/92 [gargoyle/stone arrow (6)]
  1281 | D        | Killed a gargoyle
  1577 | D        | Reached skill level 18 in Maces & Flails
  1577 | D        | Reached XP level 11. HP: 79/100 MP: 13/24
  1752 | D        | Noticed a death yak
  1752 | D        | Noticed a death yak
  1752 | D        | Noticed a death yak
  1752 | D        | Noticed a death yak
  1752 | D        | Noticed a death yak
  1755 | D        | Reached skill level 1 in Spellcasting
  1757 | D        | Killed a death yak
  1758 | D        | Reached skill level 5 in Fighting
  1759 | D        | Killed a death yak
  1759 | D        | Killed a death yak
  1761 | D        | Killed a death yak
  1762 | D        | Reached skill level 19 in Maces & Flails
  1762 | D        | Reached skill level 5 in Spellcasting
  2011 | D        | Noticed a manticore
  2025 | D        | Killed a death yak
  2026 | D        | Killed a manticore
  2322 | D        | Noticed an orc knight
  2323 | D        | Noticed a catoblepas
  2326 | D        | Reached skill level 10 in Fighting
  2326 | D        | Reached XP level 12. HP: 126/126 MP: 1/25
  2328 | D        | Reached skill level 20 in Maces & Flails
  2344 | D        | Killed a catoblepas
  2760 | D        | Got Baizimet's Encyclopedia of the Retinue
  2848 | D        | Reached skill level 1 in Armour
  3001 | D        | Killed a ghost moth
  3229 | D        | Noticed a naga warrior
  3229 | D        | Noticed a seven-headed hydra
  3231 | D        | Noticed a naga warrior
  3233 | D        | Killed a seven-headed hydra
  3246 | D        | Killed a naga warrior
  3250 | D        | Killed a naga warrior
  3550 | D        | Noticed a death yak
  3550 | D        | Noticed a death yak
  3550 | D        | Noticed a death yak
  3550 | D        | Noticed a death yak
  3550 | D        | Noticed a frost giant
  3550 | D        | Noticed a spriggan berserker
  3550 | D        | Noticed a rakshasa
  3553 | D        | Killed a spriggan berserker
  3554 | D        | Reached skill level 5 in Dodging
  3554 | D        | Reached skill level 1 in Shields
  3554 | D        | Reached skill level 1 in Evocations
  3561 | D        | HP: 2/132 [death yak (19)]
  3561 | D        | Slain by a death yak (illusionary)

Illustrated notes

Levels and vault maps discovered:
D:        pitsprint [storerooms_1, entrance_room_1, metal_vault_7, armoury_2,
          mini_pit_1, grid_room_1, main_hall_1, silver_pit, the_coven_3,
          the_vestibule_1, steel_vault_2, golden_pit, hallway_of_sentries,
          crystal_vault_4, iron_vault_3, final_vault]

Skill      XL: |  1  2  3  4  5  6  7  8  9 10 11 12 |
---------------+-------------------------------------+-----
Maces & Flails | 4 7 9 10 11 12 14 15 18 19 20 | 20.8
Invocations    | 4 5 8 11 13 15 18 | 18.9
Spellcasting   | 7 9 |  9.5
Fighting       | 10 12 | 12.3
Armour         | 4 |  4.0
Dodging        | 5 |  5.2
Shields        | 1 |  1.8
Evocations     | 1 |  1.4
Stealth        | |  1.4

Action                   |  1- 3 |  4- 6 |  7- 9 | 10-12 || total
-------------------------+-------+-------+-------+-------++-------
Melee: Mace              |     8 |    40 |     6 |       ||    54
       Morningstar       |       |       |    15 |    99 ||   114
       Punch             |       |       |       |     1 ||     1
Invok: Slouch            |       |       |     7 |    37 ||    44
  Use: Potion            |     1 |     4 |       |    14 ||    19
       Scroll            |       |       |       |     3 ||     3
 Stab: Distracted        |     1 |       |       |       ||     1
       Sleeping          |       |       |     2 |     1 ||     3
Armor: Robe              |     4 |     9 |     9 |    24 ||    46
       Troll leather arm |       |       |       |    25 ||    25
Dodge: Dodged            |     6 |    34 |    16 |    68 ||   124

Table legend: (Time is in decaauts)
 A = Elapsed time spent in this place.
 B = Non-inter-level travel time spent in this place.
 C = Inter-level travel time spent in this place.
 D = Time resting spent in this place.
 E = Time spent auto-exploring this place.
 F = Levels seen in this place.
 G = Mean time per level.
                   A        B        C        D        E       F      G
               +--------+--------+--------+--------+--------+-----+--------+
         Total |   4148 |   4001 |    147 |   2510 |      0 |   1 | 4148.0 |
       Dungeon |   4148 |   4001 |    147 |   2510 |      0 |   1 | 4148.0 |
               +--------+--------+--------+--------+--------+-----+--------+

Top non-repeatable levels by time:
       D: 4148 daAuts
